 Dungeon Crawl Stone Soup version 0.24.1-4-ge52af88ad5 (webtiles) character file.

Game seed: 14599172287461699981, levelgen mode: deterministic

3794 Gruesph the Spear-Bearer (level 10, -1/79 HPs)
             Began as a Merfolk Skald on Apr 17, 2020.
             Was a Believer of Yredelemnul.
             Slain by an unseen horror (7 damage)
             ... on level 9 of the Dungeon on Apr 18, 2020.
             The game lasted 01:23:15 (14522 turns).

Gruesph the Spear-Bearer (Merfolk Skald)           Turns: 14522, Time: 01:23:15

Health: -1/79      AC:  6    Str: 13    XL:     10   Next: 16%
Magic:  13/13      EV: 23    Int: 14    God:    Yredelemnul [**....]
Gold:   534        SH:  0    Dex: 19    Spells: 4/13 levels left

rFire    + . .     SeeInvis .   a - +1 trident
rCold    + . .     Gourm    .   (no shield)
rNeg     . . .     Faith    .   z - +1 leather armour {rF+}
rPois    .         Spirit   .   r - +0 helmet
rElec    .         Reflect  .   (no cloak)
rCorr    .         Harm     .   x - +0 pair of gloves
MR       .....                  (no boots)
Stlth    +++.......             y - amulet of magic regeneration
HPRegen  0.23/turn              m - ring of protection from cold
MPRegen  0.38/turn              w - +4 ring of evasion

@: agile
A: change form in water, swift swim, stealthy swim
a: Animate Remains, Recall Undead Slaves, Injury Mirror, Renounce Religion


You were on level 9 of the Dungeon.
You worshipped Yredelemnul.
Yredelemnul was pleased with you.
You were not hungry.

You visited 2 branches of the dungeon, and saw 11 of its levels.

You collected 534 gold pieces.

Inventory:

Hand Weapons
 a - a +1 trident (weapon)
Missiles
 d - 203 stones (quivered)
 j - 28 poisoned darts
 s - 2 throwing nets
Armour
 k - a +2 leather armour of fire resistance
 p - a +3 ring mail of cold resistance
 r - a +0 helmet (worn)
 x - a +0 pair of gloves (worn)
 z - a +1 leather armour of fire resistance (worn)
 B - a +0 shield
Jewellery
 m - a ring of protection from cold (left hand)
 w - a +4 ring of evasion (right hand)
 y - an amulet of magic regeneration (around neck)
Wands
 u - a wand of disintegration (16)
 v - a wand of random effects (25)
 E - a wand of polymorph (6)
Scrolls
 b - a scroll of amnesia
 i - a scroll of vulnerability {unknown}
 l - 3 scrolls of teleportation
 t - a scroll of immolation
Potions
 c - a potion of curing
 e - 2 potions of flight
 g - 3 potions of resistance
 h - a potion of heal wounds
 n - 2 potions of cancellation
 o - 3 potions of might
 q - 2 potions of magic
 A - 2 potions of mutation
Miscellaneous
 C - a phial of floods
Comestibles
 f - 11 rations


   Skills:
 - Level 7.4 Fighting
 - Level 14.1 Polearms
 - Level 0.6 Armour
 - Level 3.5 Dodging
 - Level 2.0 Stealth
 - Level 2.0 Spellcasting
 + Level 2.1 Hexes
 - Level 5.0 Charms
 + Level 2.2 Necromancy
 - Level 5.0 Invocations
 - Level 1.0 Evocations


You had 4 spell levels left.
You knew the following spells:

 Your Spells              Type           Power        Failure   Level  Hunger
a - Infusion              Chrm           ###.         3%          1    ##.....
b - Song of Slaying       Chrm           ###.....     6%          2    ###....
c - Regeneration          Chrm/Necr      ##........   21%         3    ####...
d - Spectral Weapon       Hex/Chrm       ##......     22%         3    ####...

Your spell library contained the following spells:

 Spells                   Type           Power        Failure   Level  Hunger
 Shroud of Golubria       Chrm/Tloc      #.....       16%         2    ###....
 Sandblast                Erth           #.....       30%         1    ##.....
 Summon Small Mammal      Summ           #...         30%         1    ##.....
 Call Imp                 Summ           #.......     41%         2    ###....
 Passwall                 Tmut/Erth      #.......     41%         2    ###....
 Summon Guardian Golem    Hex/Summ       #.......     52%         3    ####...
 Call Canine Familiar     Summ           #.......     65%         3    ####...
 Stone Arrow              Conj/Erth      #.....       65%         3    ####...
 Petrify                  Tmut/Erth      #.......     96%         4    #####..
 Summon Ice Beast         Ice/Summ       #.......     96%         4    #####..
 Summon Lightning Spire   Summ/Air       #.......     96%         4    #####..
 Lee's Rapid Deconstruct  Erth           #.........   100%        5    ######.


Dungeon Overview and Level Annotations

Branches:
Dungeon (10/15)            Temple (1/1) D:4            Lair (0/6) D:10
    Orc: D:9-12

Altars:
Ashenzari
Cheibriados
Dithmenos
Elyvilon
Fedhas
Gozag
Hepliaklqana
Kikubaaqudgha
Makhleb
Nemelex Xobeh
Okawaru
Qazlal
Ru
Sif Muna
Trog
Uskayaw
Vehumet
Wu Jian
Xom
Yredelemnul
Zin
The Shining One

Shops:
D:4 [


Message History

You hit something but do no damage. Something hits you.
* * * LOW HITPOINT WARNING * * *
Something hits you but does no damage.
Your magical contamination has completely faded away.
Something barely misses you.
Something hits your spectral weapon but does no damage.
Something hits your spectral weapon.
Your spectral weapon shares its damage with you!
* * * LOW HITPOINT WARNING * * *
Something barely misses your spectral weapon.
Something hits your spectral weapon!
Your spectral weapon shares its damage with you!
* * * LOW HITPOINT WARNING * * *
Your spectral weapon fades away.
Something hits you.
* * * LOW HITPOINT WARNING * * *
You feel agile all of a sudden. Something hits you!
You die...
Your body rises from the dead as a mindless zombie.

..................').........#
...............Z..#..........#
...##...###..#######.....##..#
...##...###..###..##>....##..#
...##....#........#^.....##..#
#####....#........#......##..#
...##..########.######...##..#
...##..########.###########..#
........[..+....@'..#....##..#
..).......<#.....#..'....##..#
...###.####################..#
...############.###.###..##..#
..Z..'...#....'..........#...#
.....#...#....#..Z.......#...#
#.Z###...###+###.##########..#
#..###...##..###.##########..#
..........#............Z'Z...#


There were no monsters in sight!

Vanquished Creatures
  A hippogriff (D:8)
  2 yaks
  Eustachio (D:4)
  Menkaure (D:6)
  Edmund (D:3)
  2 orc warriors
  2 ice beasts
  2 black bears
  3 ogres
  5 bullfrogs
  2 scorpions
  A wyvern skeleton (D:6)
  3 crimson imps
  A hound (D:4)
  2 bullfrog skeletons
  A gnoll shaman (D:8)
  3 orc priests
  A jelly (D:10)
  A centaur skeleton (D:3)
  4 worker ants
  2 iguanas
  6 orc wizards
  A killer bee zombie (D:7)
  A hound skeleton (D:8)
  A worker ant zombie (D:7)
  Robin (D:4)
  14 gnolls
  4 adders
  A shadow imp (D:8)
  An ooze (D:2)
  2 adder skeletons (D:4)
  An adder zombie (D:6)
  6 worms (D:2)
  5 dart slugs
  8 leopard geckos
  16 orcs
  A ball python (D:2)
  A giant cockroach (D:1)
  12 goblins
  16 hobgoblins
  16 jackals
  13 kobolds
  7 quokkas
  6 bats
  11 frilled lizards
  3 leopard gecko skeletons
  A leopard gecko zombie (D:8)
  A quokka zombie (D:6)
  6 rats
203 creatures vanquished.

Vanquished Creatures (collateral kills)
  A hornet (D:7)
  A yak (D:8)
  A hungry ghost (D:8)
  An ogre (D:8)
  A centaur (D:9)
  2 bullfrogs (D:9)
  A scorpion (D:8)
  A crimson imp (D:7)
  An orc priest (D:9)
  A hound (D:9)
  A centaur skeleton (D:8)
  An iguana (D:8)
  A gnoll (D:7)
  2 orcs
16 creatures vanquished.

Vanquished Creatures (others)
  A yak zombie (D:9)
  A worker ant zombie (D:7)
  An orc zombie (D:9)
  A jackal skeleton (D:7)
  A leopard gecko skeleton (D:6)
  2 orc skeletons (D:6)
  A spectral weapon (D:9)
8 creatures vanquished.

Grand Total: 227 creatures vanquished

Notes
Turn   | Place    | Note
-------+----------+-------------------------------------------
     0 | D:1      | Gruesph the Merfolk Skald began the quest for the Orb.
     0 | D:1      | Reached XP level 1. HP: 16/16 MP: 3/3
   219 | D:1      | Reached XP level 2. HP: 20/23 MP: 0/5
   263 | D:1      | Learned a level 2 spell: Song of Slaying
   342 | D:1      | Reached skill level 1 in Stealth
   605 | D:1      | Reached skill level 4 in Polearms
   731 | D:1      | Reached XP level 3. HP: 22/28 MP: 1/6
  1891 | D:2      | Reached XP level 4. HP: 19/34 MP: 1/7
  2865 | D:2      | Found a shattered altar of Ashenzari.
  2947 | D:2      | Reached skill level 5 in Polearms
  3379 | D:2      | Found a shattered altar of Ashenzari.
  4055 | D:3      | Reached XP level 5. HP: 39/41 MP: 8/8
  4216 | D:3      | Learned a level 3 spell: Regeneration
  4614 | D:3      | Reached skill level 6 in Polearms
  4944 | D:3      | Found a glowing golden altar of the Shining One.
  5128 | D:3      | Reached skill level 1 in Necromancy
  5128 | D:3      | Reached XP level 6. HP: 13/48 MP: 1/9
  5347 | D:3      | Learned a level 3 spell: Spectral Weapon
  5410 | D:4      | Found a hide-covered altar of Uskayaw.
  5410 | D:4      | Noticed Eustachio
  5415 | D:4      | Noticed Edmund
  5449 | D:3      | Killed Edmund
  5449 | D:3      | Reached skill level 7 in Polearms
  5719 | D:4      | Reached skill level 1 in Hexes
  5938 | D:4      | Found Hupalia's Antique Armour Shop.
  5949 | D:4      | Reached XP level 7. HP: 47/54 MP: 8/10
  5963 | D:4      | Noticed Robin
  5974 | D:4      | Killed Robin
  6347 | D:4      | Killed Eustachio
  6347 | D:4      | Reached skill level 8 in Polearms
  6653 | D:4      | Found a staircase to the Ecumenical Temple.
  6676 | Temple   | Entered the Ecumenical Temple
  7000 | Temple   | Became a worshipper of Yredelemnul the Dark
  7112 | D:4      | Found a shadowy altar of Dithmenos.
  7114 | D:4      | Found a snail-covered altar of Cheibriados.
  7366 | D:5      | Entered Level 5 of the Dungeon
  8077 | D:5      | Reached skill level 5 in Fighting
  8077 | D:5      | Reached XP level 8. HP: 61/62 MP: 4/11
  8382 | D:6      | Reached skill level 9 in Polearms
  9131 | D:6      | Found a stormy altar of Qazlal.
  9168 | D:6      | Reached * piety under Yredelemnul
  9168 | D:6      | Reached skill level 5 in Charms
  9180 | D:6      | Reached skill level 10 in Polearms
  9415 | D:6      | Reached skill level 1 in Invocations
  9765 | D:6      | Noticed Menkaure
  9781 | D:6      | Killed Menkaure
  9941 | D:6      | Found a hazy altar of Hepliaklqana.
 10463 | D:7      | Reached skill level 11 in Polearms
 10592 | D:7      | Reached XP level 9. HP: 56/69 MP: 9/12
 11233 | D:7      | Found an iron altar of Okawaru.
 11487 | D:7      | Found an iron altar of Okawaru.
 11763 | D:8      | Noticed a hornet
 11812 | D:8      | Paralysed by a hornet for 2 turns
 11824 | D:7      | Killed a hornet
 11824 | D:7      | Reached skill level 12 in Polearms
 12043 | D:8      | Reached ** piety under Yredelemnul
 12708 | D:8      | Reached skill level 13 in Polearms
 12901 | D:8      | Reached XP level 10. HP: 19/79 MP: 13/13
 13172 | D:9      | Reached skill level 14 in Polearms
 13370 | D:9      | Reached skill level 5 in Invocations
 13860 | D:9      | Found an opulent altar of Gozag.
 13988 | D:9      | Reached skill level 1 in Evocations
 14118 | D:10     | Entered Level 10 of the Dungeon
 14211 | D:10     | Found a staircase to the Lair.
 14211 | D:10     | Noticed a death yak
 14522 | D:9      | Slain by an unseen horror

Levels and vault maps discovered:
D:1:      wheals_arrival_shading, layout_basic
D:2:      layout_basic, old_standard_altar
D:3:      layout_rooms, nicolae_tso_carved_into_rock
D:4:      layout_loops_ring, eat_drink_and_be_merry_uskayaw,
          nicolae_overflow_hidden_temple, minmay_temple_entry_proselytizer,
          serial_shops, shop, uniq_robin, uniq_eustachio, uniq_edmund
D:5:      layout_loops_ring, first_ration, minmay_liquid_box,
          chequers_serial_rivers_small_a, minivault_19
D:6:      layout_loops_ring, marbit_many_paths, basic_altar, uniq_menkaure
D:7:      layout_rooms, basic_altar, grunt_ogre_cave
D:8:      layout_loops_ring
D:9:      layout_gridville, nicolae_gozag_seed_capital
D:10:     layout_loops_corners, dpeg_lair_monsters, special_room
          [special_room_bee], amethyst_killhole, uniq_maurice
Temple:   regret_index_temple_generic_petals

Skill      XL: |  1  2  3  4  5  6  7  8  9 10 |
---------------+-------------------------------+-----
Stealth        | 1 2 |  2.0
Polearms       | 4 5 6 7 8 11 13 14 | 14.1
Fighting       | 3 4 5 7 |  7.4
Charms         | 4 5 |  5.0
Necromancy     | 1 2 |  2.2
Hexes          | 1 2 |  2.1
Invocations    | 2 4 5 |  5.0
Dodging        | 3 |  3.5
Evocations     | 1 |  1.0
Armour         | |  0.6
Spellcasting   | |  2.0

Action                   |  1- 3 |  4- 6 |  7- 9 | 10-12 || total
-------------------------+-------+-------+-------+-------++-------
Melee: Spear             |   149 |   281 |   309 |       ||   739
       Trident           |       |       |   345 |    74 ||   419
Throw: Stone             |    33 |    38 |    12 |     1 ||    84
       Dart              |     1 |     8 |    10 |       ||    19
 Cast: Infusion          |    11 |    19 |    16 |     1 ||    47
       Song of Slaying   |     2 |     1 |    10 |       ||    13
       Regeneration      |       |     1 |    10 |     2 ||    13
       Spectral Weapon   |       |       |     9 |     2 ||    11
Invok: Animate Remains   |       |       |     9 |     3 ||    12
  Use: Scroll            |       |     6 |    13 |     2 ||    21
       Potion            |       |     1 |     5 |     3 ||     9
 Stab: Sleeping          |       |     3 |     3 |     2 ||     8
       Distracted        |       |     1 |     2 |       ||     3
  Eat: Chunk             |     4 |    10 |    24 |     6 ||    44
       Ration            |       |     1 |     2 |     1 ||     4
Armor: Leather armour    |    20 |    14 |    87 |    16 ||   137
       Ring mail         |       |    30 |    77 |       ||   107
       Skin              |       |       |     6 |       ||     6
Dodge: Dodged            |    42 |   118 |   261 |    40 ||   461
